 Dungeon Crawl Stone Soup version 0.23.2-33-g5129a83184 (webtiles) character file.

Game seed: 15339315386462302199

40474 Ivernyr the Thaumaturge (level 13, -6/93 HPs)
             Began as a Grey Draconian Summoner on July 4, 2019.
             Was the Champion of Hepliaklqana.
             Mangled by a meliai
             ... wielding a +0 war axe
              (12 damage)
             ... on level 13 of the Dungeon on July 5, 2019.
             The game lasted 02:50:12 (25928 turns).

Ivernyr the Thaumaturge (Grey Draconian Summoner)  Turns: 25928, Time: 02:50:12

Health: -6/93      AC: 19    Str: 14    XL:     13   Next: 74%
Magic:  17/39      EV: 16    Int: 22    God:    Hepliaklqana [******]
Gold:   1494       SH: 10    Dex: 12    Spells: 12/39 levels left

rFire    + + .     SeeInvis .   P - +2 falchion "Xiybuu" {freeze, rF++ rC+ Int+3}
rCold    + . .     Gourm    .   w - +2 buckler
rNeg     . . .     Faith    .   (armour unavailable)
rPois    +         Spirit   .   M - +2 hat {MR+}
rElec    +         Reflect  +   D - +0 cloak
rCorr    .         Harm     .   p - +0 pair of gloves
MR       +....                  y - +1 pair of boots {Stlth+}
Stlth    ++++......             B - +3 amulet of reflection
HPRegen  0.25/turn              F - ring of Propriety {*Drain rElec rPois Str+2 Stlth+}
MPRegen  0.26/turn              L - ring of magical power

@: no status effects
A: walk through water, unfitting armour, reduced essence, unbreathing,
cold-blooded, AC +13
a: Recall Ancestor, Ancestor Identity, Transference, Idealise, Renounce Religion


You were on level 13 of the Dungeon.
You worshipped Hepliaklqana.
Hepliaklqana was exalted by your worship.
You were hungry.

You visited 2 branches of the dungeon, and saw 19 of its levels.

You collected 1494 gold pieces.

Inventory:

Hand Weapons
 P - the +2 falchion "Xiybuu" (weapon) {freeze, rF++ rC+ Int+3}
   (You found it on level 2 of the Lair of Beasts)

   It has been specially enchanted to freeze those struck by it, causing extra
   injury to most foes and up to half again as much damage against particularly
   susceptible opponents.
   It can also slow down cold-blooded creatures.
   It affects your intelligence (+3).
   It greatly protects you from fire.
   It protects you from cold.
Armour
 p - a +0 pair of gloves (worn)
 w - a +2 buckler (worn)
 y - a +1 pair of boots of stealth (worn)
 D - a +0 cloak (worn)
 M - a +2 hat of magic resistance (worn)
Jewellery
 f - an uncursed ring of poison resistance
 m - an uncursed ring of resist corrosion
 r - an uncursed ring of flight
 B - a +3 amulet of reflection (around neck)
 F - the ring of Propriety (left hand) {*Drain rElec rPois Str+2 Stlth+}
   (You took it off an ogre mage on level 11 of the Dungeon)

   [ring of stealth]

   It affects your strength (+2).
   It insulates you from electricity.
   It protects you from poison.
   It causes draining when unequipped.
   It makes you more stealthy.
 G - the ring of the Little Devil {Str+5 SInv}
   (You found it on level 11 of the Dungeon)

   [ring of see invisible]

   It affects your strength (+5).
   It lets you see invisible.
 I - the ring of Mistrust {rN+ Dex+4}
   (You found it on level 11 of the Dungeon)

   [ring of dexterity]

   It affects your dexterity (+4).
   It protects you from negative energy.
 L - a ring of magical power (right hand)
Wands
 c - a wand of digging (5)
 T - a wand of clouds (8)
 W - a wand of scattershot (4)
Scrolls
 d - 4 scrolls of amnesia {unknown}
 e - 11 scrolls of remove curse
 g - 8 scrolls of teleportation
 h - 6 scrolls of magic mapping {unknown}
 i - 8 scrolls of identify
 j - 4 scrolls of blinking {unknown}
 k - 4 scrolls of enchant weapon {unknown}
 l - 4 scrolls of immolation
 o - 3 scrolls of fog {unknown}
 u - 7 scrolls of enchant armour {unknown}
 v - 4 scrolls of random uselessness {unknown}
 z - 5 scrolls of noise {unknown}
 E - a scroll of fear {unknown}
 K - a scroll of vulnerability {unknown}
 Q - a scroll of acquirement {unknown}
Potions
 a - 9 potions of curing
 n - 2 potions of heal wounds {unknown}
 q - a potion of degeneration {unknown}
 s - 3 potions of flight {unknown}
 t - a potion of resistance {unknown}
 x - 4 potions of agility {unknown}
 A - a potion of mutation
 C - a potion of magic {unknown}
 H - 5 potions of invisibility {unknown}
 J - 3 potions of haste {unknown}
 N - 2 potions of brilliance {unknown}
 O - a potion of lignification {unknown}
 R - a potion of ambrosia {unknown}
 U - 3 potions of might
Comestibles
 b - 42 rations


   Skills:
 + Level 6.8 Fighting
 - Level 8.0 Dodging
 - Level 1.7 Stealth
 - Level 5.0 Shields
 * Level 13.9 Spellcasting
 + Level 11.6 Summonings
 + Level 5.5 Earth Magic
 - Level 9.0 Invocations


You had 12 spell levels left.
You knew the following spells:

 Your Spells              Type           Power        Failure   Level  Hunger
a - Summon Small Mammal   Summ           ####         1%          1    None
b - Call Imp              Summ           ######..     1%          2    None
c - Call Canine Familiar  Summ           ######..     1%          3    None
d - Summon Guardian Gole  Hex/Summ       #####...     1%          3    None
e - Blink                 Tloc           N/A          6%          2    None
f - Mephitic Cloud        Conj/Pois/Air  ###.....     12%         3    None
g - Summon Ice Beast      Ice/Summ       #####...     3%          4    None
h - Summon Lightning Spi  Summ/Air       #####...     3%          4    None
i - Borgnjor's Vile Clut  Necr/Erth      ####......   36%         5    ###....

Your spell library contained the following spells:

 Spells                   Type           Power        Failure   Level  Hunger
 Recall                   Summ/Tloc      N/A          1%          3    None
 Magic Dart               Conj           ###.         4%          1    None
 Slow                     Hex            ###.....     6%          2    None
 Conjure Flame            Conj/Fire      ###.....     12%         3    None
 Animate Dead             Necr           N/A          38%         4    None
 Cause Fear               Hex            ###.......   38%         4    None
 Silence                  Hex/Air        ###.......   75%         5    ###....
 Yara's Violent Unravell  Hex/Tmut       ###.......   75%         5    ###....
 Death Channel            Necr           ###.......   99%         6    #####..
 Deflect Missiles         Chrm/Air       ###.......   99%         6    #####..
 Simulacrum               Ice/Necr       ###.......   99%         6    #####..
 Discord                  Hex            ###.......   100%        8    #######


Dungeon Overview and Level Annotations

Branches:
Dungeon (13/15)            Temple (0/1) D:5            Lair (6/6) D:11
  Swamp (0/4) Lair:3       Spider (0/4) Lair:2        Slime (0/5) Lair:6
    Orc (0/2) D:10
 Vaults: D:13-14

Altars:
Ashenzari
Cheibriados
Fedhas
Hepliaklqana
Okawaru
Uskayaw
Vehumet
Xom
Jiyva

Shops:
D:12 }

Annotations:
D:8 3 runed translucent doors, Jabberih's ghost, novice DrCj
D:9 3 runed translucent doors


Innate Abilities, Weirdness & Mutations

You can walk through water.
Your dull iron-grey scales are very hard. (AC +13)
You cannot fit into any form of body armour.
You can survive without breathing.
You are cold-blooded and may be slowed by cold attacks.
Your life essence is reduced to manifest your ancestor. (-10% HP)


Message History

The bullfrog is no longer moving slowly.
The meliai barely misses you.
The meliai hits your wolf with a +0 war axe!
The meliai hits your crimson imp with a +0 war axe.
The meliai barely misses you.
Your wolf bites the meliai.
Your crimson imp hits the meliai.
The ice beast barely misses your wolf. You block the bullfrog's attack.
Your wolf barely misses the meliai.
The meliai calls down the wrath of its god upon you.
Something smites you!
* * * LOW HITPOINT WARNING * * *
Your ice beast hits something.
Your ice beast freezes something!
Reactivating autopickup.
You feel a bit more experienced.
You barely miss the meliai.
The meliai is almost dead.
The meliai hits you with a +0 war axe!
* * * LOW HITPOINT WARNING * * *
The meliai hits your crimson imp with a +0 war axe.
The meliai closely misses your wolf. The meliai stings you!
You die...

. ##.###.## #...
....#..##..# ##..#
#........#####..#.
######)...h....... #>
##....o[..### #.
#....#......
#.########...########
#..#..........#
#.#@###.......#
####.yF###.#...#.#
#...5ho.......##.#
##.#...YY....#.# ..
.....○☼☼)).###.# .)
.###..☼....# .#
#<......^...#.#
...............
..#.$.......#..


You could see an ice beast, a meliai, a bullfrog, an orc, a friendly ice beast,
a friendly wolf and a friendly crimson imp.

Vanquished Creatures
  A catoblepas (Lair:6)
  2 two-headed ogres
  Nergalle (D:11)
  Maurice (D:11)
  A centaur zombie (D:12)
  2 elephants (Lair:2)
  2 komodo dragons
  2 rime drakes (Lair:2)
  A troll (D:13)
  2 polar bears
  A blink frog (Lair:3)
  2 hippogriffs
  5 yaks
  A wraith (D:11)
  2 basilisks
  4 water moccasins (Lair:6)
  3 porcupines
  3 black bears
  3 ogres
  An ice beast (D:10)
  A boggart (D:12)
  2 wolves
  3 centaurs
  3 crocodiles
  2 big kobolds
  8 bullfrogs
  A gnoll sergeant (D:8)
  2 killer bees
  2 wights
  A howler monkey (D:9)
  4 crimson imps
  3 bullfrog zombies
  An orc priest (D:11)
  A hound (D:7)
  2 jellies
  2 bullfrog skeletons
  2 centaur skeletons
  3 orc wizards
  2 hexers
  3 worker ants
  A hound zombie (D:5)
  2 gnolls
  3 adders
  2 shadow imps
  An adder zombie (D:5)
  2 adder skeletons
  A worm (D:2)
  A dart slug (D:1)
  A leopard gecko (D:7)
  12 orcs
  4 giant cockroaches
  3 goblins
  4 hobgoblins
  11 kobolds
  A quokka (D:4)
  A ball python (D:1)
  2 bats
  3 frilled lizards
  2 jackal skeletons
  A quokka zombie (D:5)
  8 rats
154 creatures vanquished.

Vanquished Creatures (collateral kills)
  The ghost of
  1994 the Phalangite, an adept OgAM of Okawaru (Lair:4)
  Gastronok (Lair:2)
  Josephine (D:10)
  3 hydras
  Erica (D:11)
  2 two-headed ogres
  A catoblepas (D:11)
  A deep troll shaman (Lair:6)
  An ogre mage (D:11)
  4 death yaks (Lair:6)
  Urug (Lair:6)
  4 ugly things
  3 manticores
  10 elephants
  4 black mambas
  3 gargoyles
  8 spiny frogs
  3 komodo dragons
  6 rime drakes (Lair:2)
  A kobold demonologist (D:11)
  2 trolls
  A meliai (D:13)
  2 polar bears
  9 blink frogs
  8 dream sheep
  4 hippogriffs
  A shadow (D:13)
  A wyvern (D:11)
  9 wraiths
  16 yaks
  7 steam dragons (Lair:2)
  Grum (D:11)
  A basilisk (Lair:4)
  A hungry ghost (D:10)
  An acid dragon (Lair:2)
  8 water moccasins
  10 porcupines
  4 ice beasts
  3 phantoms
  4 black bears
  2 orc warriors
  12 ogres
  7 wolves
  2 centaurs
  3 boggarts (D:12)
  5 crocodiles
  3 big kobolds
  A wyvern zombie (D:12)
  11 bullfrogs
  A wyvern skeleton (D:10)
  2 scorpions
  15 killer bees
  4 wights
  7 howler monkeys
  3 jellies
  A quasit (D:12)
  A bullfrog zombie (D:11)
  3 crimson imps
  6 hounds
  A gnoll shaman (D:6)
  3 orc priests
  A centaur skeleton (D:8)
  2 hexers
  5 iguanas
  9 orc wizards
  3 worker ants
  A hound skeleton (D:4)
  4 adders
  6 gnolls
  A howler monkey skeleton (D:8)
  4 shadow imps
  An adder skeleton (D:7)
  A worm (D:3)
  A dart slug (D:3)
  A leopard gecko (D:5)
  34 orcs
  A bat (D:1)
  2 giant cockroaches
  5 goblins
  3 hobgoblins
  6 jackals
  5 kobolds
  2 quokkas
  A ball python (D:3)
  A frilled lizard (D:4)
  A jackal skeleton (D:4)
  A leopard gecko skeleton (D:4)
  4 rats
  A fungus (Lair:6)
  3 plants
355 creatures vanquished.

Vanquished Creatures (others)
  A skeletal warrior (D:11)
  2 rime drakes (Lair:2)
  A spiny frog (Lair:3)
  A meliai (D:13)
  A queen bee (Lair:1)
  2 polar bears (Lair:1)
  A vampire (D:13)
  A wyvern (Lair:6)
  A killer bee (Lair:1)
  23 hexers
  2 ancestors
  18 fungi
  13 plants
67 creatures vanquished.

Grand Total: 576 creatures vanquished

Notes
Turn   | Place    | Note
-------+----------+-------------------------------------------
     0 | D:1      | Ivernyr the Draconian Summoner began the quest for the Orb.
     0 | D:1      | Reached XP level 1. HP: 14/14 MP: 3/3
   941 | D:1      | Reached XP level 2. HP: 19/20 MP: 3/5
   945 | D:1      | Learned a level 2 spell: Call Imp
  2199 | D:2      | Reached XP level 3. HP: 23/26 MP: 4/7
  2422 | D:2      | Found a blossoming altar of Fedhas.
  2425 | D:2      | Found a hazy altar of Hepliaklqana.
  2435 | D:2      | Found a snail-covered altar of Cheibriados.
  2438 | D:2      | Found a hide-covered altar of Uskayaw.
  2462 | D:2      | Became a worshipper of Hepliaklqana the Forgotten
  2601 | D:2      | Found a radiant altar of Vehumet.
  2912 | D:2      | Found a faded altar of an unknown god.
  2967 | D:3      | Found a shattered altar of Ashenzari.
  2980 | D:3      | Learned a level 3 spell: Call Canine Familiar
  3056 | D:3      | Reached skill level 3 in Spellcasting
  3312 | D:3      | Reached * piety under Hepliaklqana
  3551 | D:3      | Reached XP level 4. HP: 21/29 MP: 8/8
  3949 | D:3      | Learned a level 3 spell: Summon Guardian Golem
  4492 | D:4      | Reached XP level 5. HP: 24/34 MP: 10/10
  4870 | D:4      | Noticed an ogre
  4882 | D:4      | Killed an ogre
  4882 | D:4      | Reached skill level 4 in Spellcasting
  5041 | D:4      | Found a shattered altar of Ashenzari.
  5076 | D:4      | Reached skill level 5 in Summonings
  5090 | D:4      | Reached XP level 6. HP: 16/40 MP: 5/12
  5451 | D:4      | Reached ** piety under Hepliaklqana
  5691 | D:5      | Entered Level 5 of the Dungeon
  5782 | D:5      | Noticed an ice beast
  5793 | D:5      | Killed an ice beast
  6051 | D:5      | Remembered your ancestor Zorana as a hexer
  6194 | D:5      | Reached skill level 5 in Spellcasting
  6194 | D:5      | Your scales start taking on a dull iron-grey colour.
  6194 | D:5      | Reached XP level 7. HP: 33/45 MP: 10/14
  6194 | D:5      | Gained mutation: You can survive without breathing. [Grey
                  | Draconian growth]
  6531 | D:5      | Reached skill level 1 in Invocations
  6574 | D:5      | Found a staircase to the Ecumenical Temple.
  6992 | D:5      | Reached *** piety under Hepliaklqana
  7481 | D:6      | Found a shimmering altar of Xom.
  7619 | D:6      | Reached skill level 6 in Spellcasting
  7905 | D:7      | Reached XP level 8. HP: 39/51 MP: 7/17
  8833 | D:7      | HP: 1/51 [orc priest/divine providence (15)]
  9321 | D:7      | Reached skill level 7 in Spellcasting
  9325 | D:7      | Reached skill level 5 in Dodging
 10092 | D:8      | Reached XP level 9. HP: 55/55 MP: 20/20
 10275 | D:8      | Found a runed translucent gate.
 10275 | D:8      | Found a runed translucent gate.
 10275 | D:8      | Found a runed translucent gate.
 10277 | D:8      | Found a viscous altar of Jiyva.
 10277 | D:8      | Noticed Jabberih's ghost (novice DrCj)
 10340 | D:9      | Reached **** piety under Hepliaklqana
 10797 | D:9      | Reached skill level 1 in Shields
 10992 | D:9      | Found a shimmering altar of Xom.
 11042 | D:9      | Found a runed translucent gate.
 11042 | D:9      | Found a runed translucent gate.
 11043 | D:9      | Found a runed translucent gate.
 11044 | D:9      | Noticed a glowing orange brain
 11045 | D:9      | Noticed a brown ugly thing
 11045 | D:9      | Noticed a white ugly thing
 11046 | D:9      | Noticed a red ugly thing
 11046 | D:9      | Noticed a red ugly thing
 11048 | D:9      | Noticed a brown ugly thing
 11294 | D:10     | Entered Level 10 of the Dungeon
 11308 | D:10     | Reached skill level 8 in Spellcasting
 11360 | D:10     | Noticed a gargoyle
 11373 | D:10     | Killed a gargoyle
 11373 | D:10     | Reached skill level 5 in Invocations
 11622 | D:10     | Noticed Josephine
 11819 | D:10     | Learned a level 2 spell: Blink
 11823 | D:10     | Learned a level 3 spell: Mephitic Cloud
 11862 | D:10     | Killed Josephine
 11980 | D:10     | Reached XP level 10. HP: 37/62 MP: 22/22
 12124 | D:10     | Reached skill level 9 in Spellcasting
 12925 | D:10     | Found a staircase to the Orcish Mines.
 13395 | D:11     | Reached ***** piety under Hepliaklqana
 13428 | D:11     | Noticed a manticore
 13440 | D:11     | Killed a manticore
 13535 | D:11     | Noticed Grum
 13553 | D:11     | Killed Grum
 13871 | D:11     | Noticed Nergalle
 13871 | D:11     | Noticed a green ugly thing
 13911 | D:11     | Noticed Erica
 14167 | D:11     | Noticed a cyan ugly thing
 14198 | D:11     | Killed a cyan ugly thing
 14576 | D:11     | Killed Erica
 14628 | D:11     | Reached skill level 10 in Spellcasting
 14665 | D:11     | Reached skill level 5 in Shields
 14796 | D:11     | Noticed Maurice
 14810 | D:11     | Killed Maurice
 14939 | D:11     | Killed a green ugly thing
 15005 | D:11     | Found a staircase to the Lair.
 15145 | D:11     | Reached XP level 11. HP: 66/66 MP: 15/25
 15278 | D:11     | Killed Nergalle
 15496 | D:11     | Noticed a skeletal warrior
 15570 | D:11     | Killed a skeletal warrior
 15675 | D:11     | Noticed a catoblepas
 15741 | D:11     | Killed a catoblepas
 15775 | D:11     | Noticed a two-headed ogre
 15784 | D:11     | Killed a two-headed ogre
 15826 | D:11     | Identified the ring of Propriety {*Drain rElec rPois Str+2
                  | Stlth+}
 15826 | D:11     | Noticed an ogre mage
 15839 | D:11     | Killed an ogre mage
 15889 | D:11     | Got a steaming ivory ring
 15893 | D:11     | Got a smoking jade ring
 15900 | D:11     | Got a translucent marble ring
 16031 | D:11     | Identified the ring of the Little Devil {Str+5 SInv} (You
                  | found it on level 11 of the Dungeon)
 16032 | D:11     | Identified the cursed ring of the Invisible Hand {-Tele
                  | rElec rF- AC-2 Str+6 Slay+2} (You found it on level 11 of
                  | the Dungeon)
 16033 | D:11     | Identified the ring of Mistrust {rN+ Dex+4} (You found it
                  | on level 11 of the Dungeon)
 16145 | D:11     | Noticed a two-headed ogre
 16162 | D:11     | Killed a two-headed ogre
 16162 | D:11     | Reached skill level 11 in Spellcasting
 16434 | Lair:1   | Entered Level 1 of the Lair of Beasts
 17305 | Lair:1   | Learned a level 4 spell: Summon Ice Beast
 17310 | Lair:1   | Learned a level 4 spell: Summon Lightning Spire
 18228 | Lair:2   | Found a hole to the Spider Nest.
 18251 | Lair:2   | Reached XP level 12. HP: 50/72 MP: 16/27
 18411 | Lair:2   | Noticed Gastronok
 18431 | Lair:2   | Killed Gastronok
 18431 | Lair:2   | Reached skill level 1 in Fighting
 18431 | Lair:2   | Reached skill level 10 in Summonings
 18504 | Lair:2   | Reached skill level 12 in Spellcasting
 19692 | Lair:2   | Learned a level 5 spell: Borgnjor's Vile Clutch
 20035 | Lair:2   | Got a scorched falchion
 20042 | Lair:2   | Identified the cursed +2 falchion "Xiybuu" {freeze, rF++
                  | rC+ Int+3} (You found it on level 2 of the Lair of Beasts)
 20226 | Lair:3   | Found a staircase to the Swamp.
 21188 | Lair:4   | Found a runed translucent door.
 21188 | Lair:4   | Noticed 1994's ghost (adept OgAM)
 21217 | Lair:4   | Reached skill level 1 in Earth Magic
 21417 | Lair:4   | Killed 1994's ghost
 21873 | Lair:5   | Reached XP level 13. HP: 48/89 MP: 8/29
 22286 | Lair:5   | Reached skill level 5 in Fighting
 22286 | Lair:5   | Reached skill level 13 in Spellcasting
 22387 | Lair:5   | Found an iron altar of Okawaru.
 22727 | Lair:6   | Entered Level 6 of the Lair of Beasts
 22777 | Lair:6   | Noticed Urug
 22785 | Lair:6   | Killed Urug
 23188 | Lair:6   | Found a staircase to the Slime Pits.
 24365 | D:12     | Found Inezo's Gadget Shoppe.
 24577 | D:12     | Found a shimmering altar of Xom.
 24875 | D:12     | Reached ****** piety under Hepliaklqana
 24964 | D:12     | Found a blossoming altar of Fedhas.
 25584 | D:12     | Reached skill level 5 in Earth Magic
 25928 | D:13     | Mangled by a meliai

Skill      XL: |  1  2  3  4  5  6  7  8  9 10 11 12 13 |
---------------+----------------------------------------+-----
Dodging        | 2 3 4 5 6 8 |  8.0
Spellcasting   | 3 4 5 6 7 8 10 11 12 13 | 13.9
Summonings     | 5 6 7 8 9 10 11 | 11.6
Invocations    | 2 4 5 7 9 |  9.0
Shields        | 3 5 |  5.0
Fighting       | 4 6 |  6.8
Earth Magic    | 2 5 |  5.5
Stealth        | |  1.7

Action                   |  1- 3 |  4- 6 |  7- 9 | 10-12 | 13-15 || total
-------------------------+-------+-------+-------+-------+-------++-------
Melee: Unarmed           |    68 |       |       |       |       ||    68
       Tailslap          |    25 |     9 |    33 |    77 |    34 ||   178
       Club              |   138 |    34 |       |       |       ||   172
       Mace              |       |    50 |   156 |       |       ||   206
       Trident           |       |       |   209 |   496 |       ||   705
       Falchion          |       |       |       |    70 |   218 ||   288
 Cast: Summon Small Mamm |    17 |     4 |     9 |     2 |       ||    32
       Call Imp          |     3 |    13 |    30 |    80 |     9 ||   135
       Call Canine Famil |     1 |       |    30 |    78 |    24 ||   133
       Summon Guardian G |       |       |       |    38 |    13 ||    51
       Blink             |       |       |       |     8 |     1 ||     9
       Summon Ice Beast  |       |       |       |    21 |    23 ||    44
       Summon Lightning  |       |       |       |    18 |     7 ||    25
       Mephitic Cloud    |       |       |       |     2 |       ||     2
Invok: Recall Ancestor   |     1 |       |       |       |       ||     1
       Ancestor Identity |     1 |       |       |       |       ||     1
       Ancestor Life: He |       |     1 |       |       |       ||     1
       Idealise          |       |       |       |     5 |       ||     5
       Transference      |       |       |       |     3 |       ||     3
 Abil: Evoke Flight      |       |       |       |     2 |       ||     2
  Use: Potion            |       |     1 |       |       |       ||     1
       Scroll            |       |       |       |    11 |     2 ||    13
 Stab: Sleeping          |     4 |       |       |     4 |     6 ||    14
       Distracted        |       |     3 |     9 |    12 |     7 ||    31
       Confused          |       |       |     3 |     8 |     2 ||    13
  Eat: Chunk             |     9 |     6 |     9 |    22 |    14 ||    60
       Ration            |       |     1 |     3 |     3 |       ||     7
Armor: Skin              |    66 |    31 |   149 |   231 |    77 ||   554
Dodge: Dodged            |   166 |    98 |   300 |   405 |   150 ||  1119
Block: Buckler           |       |       |       |   205 |   130 ||   335
       Reflection        |       |       |       |     3 |     4 ||     7
       Rpst.: Falchion   |       |       |       |    11 |    37 ||    48
